 Dungeon Crawl Stone Soup version 0.26.1-11-gd32895ea62 (webtiles) character file.

Game seed: 2202946151694240283

1129 seveneves the Shield-Bearer (level 8, 0/68 HPs)
             Began as a Minotaur Fighter on July 20, 2021.
             Was an Initiate of Qazlal.
             Slain by a killer bee (8 damage)
             ... on level 7 of the Dungeon.
             The game lasted 00:17:49 (3569 turns).

seveneves the Shield-Bearer (Minotaur Fighter)      Turns: 3569, Time: 00:17:49

Health: 0/68       AC: 13    Str: 29    XL:     8   Next: 13%
Magic:  7/7        EV: 10    Int:  5    God:    Qazlal [......]
Gold:   228        SH: 11    Dex: 10    Spells: 7/7 levels left

rFire    . . .     SeeInvis .   r - +2 whip (venom)
rCold    . . .     Faith    .   c - +0 kite shield
rNeg     + . .     Spirit   .   b - +2 ring mail "Impennoh" {rN+ Regen+}
rPois    .         Reflect  .   (helmet restricted)
rElec    .         Harm     .   (no cloak)
rCorr    .         Rampage  .   l - +0 pair of gloves
Will     .....                  (no boots)
Stlth    +.........             (no amulet)
HPRegen  0.61/turn              i - +4 ring of protection
MPRegen  0.10/turn              p - +6 ring of strength

@: lethally poisoned (0 -> -20), hasted, very quick
A: retaliatory headbutt, horns 2
a: Renounce Religion


You were on level 7 of the Dungeon.
You worshipped Qazlal.
Qazlal was noncommittal.
You visited 2 branches of the dungeon, and saw 8 of its levels.

You collected 390 gold pieces.
You spent 162 gold pieces at shops.

Inventory:

Hand Weapons
 j - a +2 vampiric dagger
 n - the +4 morningstar "Dauqas" {vorpal, rElec Dex+2}
   (You bought it in a shop on level 5 of the Dungeon)

   It inflicts extra damage upon your enemies.
   It affects your dexterity (+2).
   It insulates you from electricity.
 r - a +2 whip of venom (weapon)
 y - a +1 vorpal long sword
Missiles
 m - 4 datura-tipped darts (quivered)
Armour
 b - the +2 ring mail "Impennoh" (worn) {rN+ Regen+}
   (You found it on level 5 of the Dungeon)

   It protects you from negative energy.
   It increases your rate of regeneration.
 c - a +0 kite shield (worn)
 l - a +0 pair of gloves (worn)
 s - a +2 scale mail of willpower
Jewellery
 f - a +6 ring of intelligence
 i - a +4 ring of protection (left hand)
 o - an uncursed ring of protection from cold
 p - a +6 ring of strength (right hand)
 t - an uncursed amulet of the acrobat {unknown}
Wands
 u - a wand of acid (7)
Scrolls
 e - 5 scrolls of remove curse
 h - a scroll of identify
 k - a scroll of blinking
 q - 2 scrolls of amnesia
 v - 4 scrolls of teleportation
Potions
 a - a potion of mutation {unknown}
 d - 2 potions of might


   Skills:
 + Level 5.0 Fighting
 + Level 3.8 Long Blades
 + Level 5.6 Maces & Flails
 + Level 1.1 Throwing
 + Level 6.0 Armour
 + Level 3.0 Dodging
 + Level 0.6 Stealth
 + Level 6.9 Shields


You had 7 spell levels left.
You didn't know any spells.
Your spell library was empty.

Dungeon Overview and Level Annotations

Branches:
Dungeon (7/15)             Temple (1/1) D:5

Altars:
Ashenzari
Cheibriados
Elyvilon
Fedhas
Gozag
Hepliaklqana
Kikubaaqudgha
Makhleb
Nemelex Xobeh
Okawaru
Qazlal
Ru
Sif Muna
Trog
Uskayaw
Vehumet
Wu Jian
Xom
Zin
The Shining One

Shops:
D:5 (


Innate Abilities, Weirdness & Mutations

You reflexively headbutt those who attack you in melee.
You have a pair of horns on your head.


Message History

The killer bee stings you but does no damage.
The killer bee barely misses you. You furiously retaliate!
You headbutt the killer bee!
You kill the killer bee!
Qazlal accepts your kill.
Your Dodging skill increases to level 3!
You hit the killer bee.
The killer bee is poisoned.
The killer bee is lightly wounded.
You feel very sick.
You block the killer bee's attack. x2; The killer bee closely misses you.
The killer bee stings you!
* * * LOW HITPOINT WARNING * * *
You are more poisoned.
The killer bee poisons you! The killer bee closely misses you.
You block the killer bee's attack.
You feel yourself speed up.
* * * LOW HITPOINT WARNING * * *
You feel very sick. The killer bee closely misses you.
The killer bee stings you!
You die...

###.....#######.###..###
...........##.....####
...........#.8...8.#
...........#.......#.
..............._......
...../.....#.......#...
...........#.8...8.#...
...........##.....## ##
#######@###.###.###
#yyy.#... ...
#yc..#........
#....#........
#....#...... #....# ....
#....+ ##..##


You could see a centaur and 4 killer bees.

Vanquished Creatures
  A phantom (D:5)
  A black bear (D:6)
  An ogre (D:5)
  A centaur (D:6)
  2 killer bees (D:7)
  A howler monkey (D:6)
  A centaur zombie (D:5)
  A hound (D:4)
  A bullfrog skeleton (D:4)
  2 orc priests
  2 orc wizards (D:5)
  5 worker ants
  Robin (D:3)
  4 adders
  An ufetubus (D:6)
  An adder skeleton (D:7)
  3 worms
  2 dart slugs
  3 leopard geckos
  13 orcs
  6 bats
  16 goblins
  8 hobgoblins
  2 quokkas
  4 frilled lizards
  6 giant cockroaches
  A jackal zombie (D:6)
  6 kobolds
  10 rats
106 creatures vanquished.

Vanquished Creatures (collateral kills)
  An ice beast (D:6)
  An orc priest (D:6)
  An orc (D:6)
3 creatures vanquished.

Grand Total: 109 creatures vanquished

Notes
Turn   | Place    | Note
-------+----------+-------------------------------------------
     0 | D:1      | seveneves the Minotaur Fighter began the quest for the Orb.
     0 | D:1      | Reached XP level 1. HP: 19/19 MP: 0/0
   164 | D:1      | Reached XP level 2. HP: 19/27 MP: 1/1
   560 | D:2      | Reached XP level 3. HP: 24/33 MP: 2/2
   950 | D:2      | Found a faded altar of an unknown god.
  1177 | D:3      | Reached XP level 4. HP: 40/40 MP: 3/3
  1257 | D:3      | Noticed Robin
  1287 | D:3      | Killed Robin
  1288 | D:3      | Reached skill level 1 in Dodging
  1415 | D:3      | Found a stormy altar of Qazlal.
  1422 | D:3      | Became a worshipper of Qazlal Stormbringer
  1541 | D:4      | Found a hide-covered altar of Uskayaw.
  1546 | D:4      | Reached XP level 5. HP: 46/46 MP: 4/4
  1608 | D:4      | Found a blossoming altar of Fedhas.
  1800 | D:4      | Reached skill level 1 in Maces & Flails
  1887 | D:4      | Found a snail-covered altar of Cheibriados.
  1889 | D:4      | Found a glowing golden altar of the Shining One.
  1889 | D:4      | Found a radiant altar of Vehumet.
  1890 | D:4      | Found a burning altar of Makhleb.
  1890 | D:4      | Found an iron altar of Okawaru.
  1890 | D:4      | Found a sacrificial altar of Ru.
  1945 | D:4      | Reached skill level 5 in Shields
  2008 | D:5      | Entered Level 5 of the Dungeon
  2017 | D:5      | Got a scorched ring mail
  2018 | D:5      | Identified the +2 ring mail "Impennoh" {rN+ Regen+} (You
                  | found it on level 5 of the Dungeon)
  2068 | D:5      | Found Varph's Antique Weapon Boutique.
  2071 | D:5      | Noticed an ogre
  2077 | D:5      | Killed an ogre
  2078 | D:5      | Reached skill level 5 in Armour
  2078 | D:5      | Reached XP level 6. HP: 52/52 MP: 5/5
  2082 | D:5      | Bought a dazzling morningstar for 162 gold pieces
  2082 | D:5      | Identified the +4 morningstar "Dauqas" {vorpal, rElec
                  | Dex+2} (You bought it in a shop on level 5 of the Dungeon)
  2351 | D:5      | Found a staircase to the Ecumenical Temple.
  2366 | D:5      | Reached XP level 7. HP: 43/60 MP: 6/6
  2749 | D:5      | Found a shimmering altar of Xom.
  2816 | Temple   | Entered the Ecumenical Temple
  3252 | D:6      | Found a snail-covered altar of Cheibriados.
  3383 | D:6      | Reached skill level 5 in Maces & Flails
  3460 | D:6      | Reached skill level 1 in Throwing
  3460 | D:6      | Reached XP level 8. HP: 67/67 MP: 7/7
  3540 | D:7      | Found an opulent altar of Gozag.
  3567 | D:7      | Reached skill level 5 in Fighting
  3569 | D:7      | Slain by a killer bee

Illustrated notes

Levels and vault maps discovered:
D:1:      dpeg_arrival_simpleton_c, layout_basic
D:2:      layout_rooms, chequers_ecumenical_altar_grove, chequers_jeans
D:3:      layout_rooms, grunt_qazlal_sundering, grunt_ministairs_15, uniq_robin
D:4:      layout_gridville, general_overflow_altar, fedhas_altar_2,
          grunt_temple_overflow_open, minmay_misc_feat_x, amethyst_killhole
D:5:      layout_layer_cave, tgw_xom, minmay_temple_entry_tees, serial_shops,
          shop
D:6:      layout_loops_ring, basic_altar
D:7:      cheibrodos_barr_body, layout_gridville, grunt_gozag_statues
Temple:   compressed_dpeg_triangle_lava_temple

Skill      XL: |  1  2  3  4  5  6  7  8 |
---------------+-------------------------+-----
Armour         | 4 5 6 |  6.0
Shields        | 4 5 6 |  6.9
Long Blades    | 3 |  3.8
Fighting       | 4 5 |  5.0
Dodging        | 1 2 3 |  3.0
Maces & Flails | 2 3 5 |  5.6
Throwing       | 1 |  1.1
Stealth        | |  0.6

Action                   |  1- 3 |  4- 6 |  7- 9 || total
-------------------------+-------+-------+-------++-------
Melee: Long sword        |   121 |     1 |       ||   122
       Headbutt          |    19 |    16 |     8 ||    43
       Whip              |       |    85 |     6 ||    91
       Morningstar       |       |    10 |    52 ||    62
Throw: Dart              |       |       |     6 ||     6
  Use: Potion            |       |     5 |     4 ||     9
       Scroll            |       |     8 |     4 ||    12
Armor: Scale mail        |    56 |    52 |       ||   108
       Ring mail         |       |     8 |    43 ||    51
Dodge: Dodged            |    37 |    36 |    34 ||   107
Block: Kite shield       |    61 |    73 |    68 ||   202
       Rpst.: Long sword |    11 |       |       ||    11
